 Dungeon Crawl Stone Soup version 0.28-a0-1184-g53156a8862 (webtiles) character file.

Game seed: 1541732076358312269

40 siradein the Caller (level 3, 0/16 HPs)
             Began as a Vine Stalker Summoner on Dec 17, 2021.
             Slain by an orc (3 damage)
             ... on level 4 of the Dungeon.
             The game lasted 00:04:17 (1738 turns).

siradein the Caller (Vine Stalker Summoner)         Turns: 1738, Time: 00:04:17

Health: 0/16       AC:  2    Str: 10    XL:     3   Next: 50%
Magic:  0/8        EV: 12    Int: 17    God:
Gold:   37         SH:  0    Dex: 14    Spells: 2/8 levels left

rFire   . . .      SeeInvis .   b - +0 short sword
rCold   . . .      Faith    .   (no shield)
rNeg    . . .      Spirit   +   a - +0 robe
rPois   .          Reflect  .   (no helmet)
rElec   .          Harm     .   (no cloak)
rCorr   .          Rampage  .   (no gloves)
Will    .....                   (no boots)
Stlth   ++........              (no amulet)
HPRegen 0.05/turn               (no ring)
MPRegen 0.11/turn               (no ring)

@: no status effects
A: fangs 2, magic shield, antimagic bite, no potion heal 2
a: no special abilities


You were on level 4 of the Dungeon.
You visited 1 branch of the dungeon, and saw 3 of its levels.

You collected 37 gold pieces.

Inventory:

Hand Weapons
 b - a +0 short sword (weapon)
Armour
 a - a +0 robe (worn)
Potions
 c - a potion of flight {unknown}
 d - a potion of attraction {unknown}


   Skills:
 - Level 1.5 Dodging
 - Level 2.4 Stealth
 + Level 3.1 Spellcasting
 + Level 4.6 Summonings


You had 2 spell levels left.
You knew the following spells:

 Your Spells              Type           Power      Damage    Failure   Level
a - Summon Small Mammal   Summ           72%        N/A       2%          1
b - Call Imp              Summ           18%        N/A       4%          2
c - Call Canine Familiar  Summ           18%        N/A       8%          3

Your spell library contained the following spells:

 Spells                   Type           Power      Damage    Failure   Level
 Summon Guardian Golem    Hex/Summ       10%        N/A       21%         3
 Summon Lightning Spire   Summ/Air       10%        N/A       54%         4


Dungeon Overview and Level Annotations

Branches:
Dungeon (2/15)

Altars:


Innate Abilities, Weirdness & Mutations

You have extremely sharp teeth.
When hurt, damage is shared between your health and your magic reserves.
Your bite disrupts and absorbs the magic of your enemies.
Potions cannot restore your health.


Message History

The orc hits your crimson imp with a +0 hand axe.
You hit the orc.
You kill the orc!
The orc closely misses your crimson imp.
A giant cockroach comes into view.
The orc hits you with a +0 trident.
Your crimson imp closely misses the orc.
The orc hits your crimson imp with a +0 club.
You completely miss the orc. The orc closely misses you.
Your crimson imp hits the orc but does no damage.
The orc misses your crimson imp.
You closely miss the orc.
A hobgoblin comes into view.
The orc closely misses you. The giant cockroach barely misses you.
The orc closely misses your crimson imp.
Your crimson imp barely misses the orc.
You barely miss the orc. The giant cockroach closely misses you.
The orc hits you with a +0 trident!
The orc hits your crimson imp but does no damage.
Your crimson imp barely misses the orc.
You hit the orc. Your bite misses the orc.
The orc is almost dead.
The giant cockroach closely misses you. The orc hits you with a +0 trident.
Your crimson imp blinks!
The giant cockroach misses you.
You barely miss the orc.
The orc is almost dead.
The orc misses you. The orc hits you with a +0 club.
The orc hits you with a +0 trident. The giant cockroach bites you.
The orc hits you but does no damage.
The giant cockroach barely misses you. x2; The orc closely misses you.
You hit the giant cockroach but do no damage.
You bite the giant cockroach, but do no damage.
Your crimson imp disappears in a puff of smoke!
The orc barely misses you. The giant cockroach bites you.
* * * LOW HITPOINT WARNING * * *
The giant cockroach bites you.
* * * LOW HITPOINT WARNING * * *
The orc hits you from afar with a +0 trident.
You die...

##### #...#
#.).#
#...##
#..o.##
#.@B.)#
###Bo#ยง#
........
#.##.#....#
#. #.#..#.#
. #.. ...#
.. ###.....
.. . #.#


You could see 2 orcs and 2 giant cockroaches.

Vanquished Creatures
  3 dart slugs (D:1)
  An orc (D:4)
  4 ball pythons (D:1)
  2 endoplasms (D:1)
  A giant cockroach (D:1)
  2 goblins
  2 hobgoblins
  2 kobolds (D:1)
  A quokka (D:1)
  A bat (D:1)
  A frilled lizard (D:1)
  6 rats (D:1)
26 creatures vanquished.

Vanquished Creatures (collateral kills)
  An endoplasm (D:1)
  2 goblins (D:1)
  A hobgoblin (D:1)
  A kobold (D:1)
5 creatures vanquished.

Grand Total: 31 creatures vanquished

Notes
Turn   | Place    | Note
-------+----------+-------------------------------------------
     0 | D:1      | siradein the Vine Stalker Summoner began the quest for the
                  | Orb.
     0 | D:1      | Reached XP level 1. HP: 9/9 MP: 4/4
   361 | D:1      | Reached XP level 2. HP: 8/13 MP: 3/6
   844 | D:1      | Reached XP level 3. HP: 14/16 MP: 8/8
   847 | D:1      | Learned a level 2 spell: Call Imp
   851 | D:1      | Learned a level 3 spell: Call Canine Familiar
  1579 | D:2      | Found a faded altar of an unknown god.
  1720 | D:2      | You fall into a shaft and drop 2 floors!
  1738 | D:4      | Slain by an orc

Illustrated notes

Levels and vault maps discovered:
D:1:      saegor_arrival_simple_e, layout_loops_cross
D:2:      layout_basic, ebering_ecumenical_altar_abandoned, basic_altar,
          nicolae_elevator_lobby_plus
D:4:      layout_loops_cross, lemuel_round_altar,
          mainiacjoe_overflow_tiny_flanked, grunt_temple_overflow_diamond,
          kennysheep_donut

Skill      XL: |  1  2  3 |
---------------+----------+-----
Spellcasting   | 3 |  3.1
Dodging        | |  1.5
Stealth        | |  2.4
Summonings     | |  4.6

Action                   || total
-------------------------++-------
Melee: Bite              ||    22
       Club              ||    12
       Unarmed           ||     9
       Short sword       ||    63
       Dagger            ||     3
 Cast: Summon Small Mamm ||     7
       Call Imp          ||     1
 Stab: Sleeping          ||     5
Armor: Robe              ||     8
Dodge: Dodged            ||    49

Table legend: (Time is in decaauts)
 A = Elapsed time spent in this place.
 B = Non-inter-level travel time spent in this place.
 C = Inter-level travel time spent in this place.
 D = Time resting spent in this place.
 E = Time spent auto-exploring this place.
 F = Levels seen in this place.
 G = Mean time per level.
                   A        B        C        D        E       F      G
               +--------+--------+--------+--------+--------+-----+--------+
         Total |   1745 |   1736 |      9 |      0 |   1478 |   3 |  581.7 |
       Dungeon |   1745 |   1736 |      9 |      0 |   1478 |   3 |  581.7 |
               +--------+--------+--------+--------+--------+-----+--------+

Top non-repeatable levels by time:
     D:1: 1585 daAuts
     D:2: 141 daAuts
     D:4: 18 daAuts
